 Dungeon Crawl Stone Soup version 0.20.0-15-g7f486f2 (webtiles) character file.

1772 ANON1729 the Destroyer (level 9, -2/47 HPs)
             Began as a Tengu Conjurer on June 30, 2017.
             Was a Follower of Vehumet.
             Slain by an orc warrior
             ... wielding a +3 hand axe
              (22 damage)
             ... on level 5 of the Dungeon.
             The game lasted 00:32:14 (6444 turns).

ANON1729 the Destroyer (Tengu Conjurer)             Turns: 6444, Time: 00:32:15

Health: -2/47      AC:  5    Str:  8    XL:     9   Next: 7%
Magic:  13/20      EV: 14    Int: 27    God:    Vehumet [*.....]
Gold:   363        SH:  0    Dex: 15    Spells: 18/21 levels left

rFire    . . .     SeeInvis .   g - +0 short sword
rCold    . . .     Gourm    .   (no shield)
rNeg     . . .     Faith    .   a - +0 robe
rPois    .         Spirit   .   (helmet restricted)
rElec    .         Reflect  .   (no cloak)
rCorr    .         Harm     .   n - +2 pair of gloves
MR       .....                  (boots unavailable)
Stlth    ++........             (no amulet)
Regen    0.2/turn               f - +2 ring of intelligence
MPRegen  0.2/turn               y - +6 ring of intelligence

@: no status effects
A: beak, talons 3, able to fly 1
a: Fly, Renounce Religion


You were on level 5 of the Dungeon.
You worshipped Vehumet.
Vehumet was aware of your devotion.
You were not hungry.

You visited 2 branches of the dungeon, and saw 7 of its levels.

You collected 363 gold pieces.

Inventory:

Hand Weapons
 g - a +0 short sword (weapon)
 t - a +0 dagger of distortion
Armour
 a - a +0 robe (worn)
 n - a +2 pair of gloves (worn)
 r - a +1 leather armour of fire resistance
Jewellery
 f - a +2 ring of intelligence (left hand)
 y - a +6 ring of intelligence (right hand)
Scrolls
 d - 5 scrolls of fog {unknown}
 e - 2 scrolls of teleportation {unknown}
 i - 5 scrolls of identify {unknown}
 j - a scroll of magic mapping {unknown}
 m - 2 scrolls of blinking {unknown}
 o - 2 scrolls of enchant armour {unknown}
 u - 2 scrolls of remove curse {unknown}
 v - a scroll of noise {unknown}
 z - a scroll of summoning {unknown}
Potions
 h - a potion of cancellation {unknown}
 k - a potion of flight {unknown}
 q - a potion of curing
 w - 2 potions of magic {unknown}
 x - a potion of berserk rage {unknown}
 B - a potion of ambrosia {unknown}
Books
 b - a book of Conjurations

   Spells                             Type                      Level
   a - Magic Dart                     Conjuration                  1
   b - Searing Ray                    Conjuration                  2
   c - Dazzling Spray                 Conjuration/Hexes            3
   d - Fulminant Prism                Conjuration/Hexes            4
   e - Force Lance                    Conjuration/Translocation    4
   f - Iskenderun's Mystic Blast      Conjuration                  4
Comestibles
 c - 3 bread rations
 l - 2 royal jellies
 p - 10 fruits
 s - a meat ration


   Skills:
 - Level 1.2 Fighting
 + Level 1.2 Short Blades
 - Level 4.0 Dodging
 - Level 3.3 Stealth
 + Level 6.6 Spellcasting
 + Level 11.2 Conjurations


You had 18 spell levels left.
You knew the following spells:

 Your Spells              Type           Power        Failure   Level  Hunger
a - Magic Dart            Conj           ####         1%          1    None
b - Searing Ray           Conj           ######       1%          2    None


Dungeon Overview and Level Annotations

Branches:
Dungeon (6/15)             Temple (1/1) D:4

Altars:
Ashenzari
Dithmenos
Elyvilon
Fedhas
Gozag
Hepliaklqana
Kikubaaqudgha
Makhleb
Nemelex Xobeh
Okawaru
Qazlal
Sif Muna
Trog
Vehumet
Xom
The Shining One

Shops:
D:4 :


Innate Abilities, Weirdness & Mutations

You have a beak for a mouth.
You have claws for feet.
You can fly.


Message History

The searing ray misses the orc.
You finish channeling your searing ray.
The orc warrior hits you with an enchanted hand axe!
* * * LOW HITPOINT WARNING * * *
It was a potion of curing.
You feel better. The orc warrior misses you.
Things that are here:
a club; a scale mail You see here a whip.
The orc priest looks satisfied for a moment.
The orc priest casts a cantrip, but nothing happens.
All of the chunks of flesh in your inventory have rotted away.
Things that are here:
an enchanted hand axe; a robe
There is a stone staircase leading up here.
The orc warrior hits you with an enchanted hand axe!
* * * LOW HITPOINT WARNING * * *
You climb upwards.
There is a stone staircase leading down here.
You feel better.
The orc warrior hits you with an enchanted hand axe!!
You die...

##############
#............#
#............#
#....).......# ######
#............######.....
#......@.....'....'.....
#.......o....######.....
#............# #.....
#............# #.....
#............# #.....
#######)###### ######
#.......)....###########
#............'..........
#............###########


You could see an orc warrior.

Vanquished Creatures
  Pikel (D:6)
  An ice beast (D:5)
  A sky beast (D:5)
  A slave (D:6)
  An orc warrior (D:6)
  2 water moccasin skeletons
  5 wights (D:6)
  A jelly (D:5)
  2 orc priests
  2 bullfrog skeletons (D:5)
  A hound (D:3)
  2 iguanas (D:4)
  2 orc wizards
  3 worker ants
  A hound skeleton (D:4)
  9 adders
  17 gnolls
  An adder zombie (D:5)
  2 oozes
  3 adder skeletons
  A worm (D:2)
  2 dart slugs
  2 leopard geckos
  13 orcs
  5 bats
  5 giant cockroaches
  14 goblins
  7 hobgoblins
  4 jackals (D:4)
  6 quokkas
  3 ball pythons
  7 frilled lizards
  10 kobolds
  A leopard gecko zombie (D:5)
  2 rats (D:1)
140 creatures vanquished.

Vanquished Creatures (others)
  A slave (D:6)
  An orc priest (D:6)
  2 orcs (D:6)
4 creatures vanquished.

Grand Total: 144 creatures vanquished

Notes
Turn   | Place    | Note
-------+----------+-------------------------------------------
     0 | D:1      | ANON1729 the Tengu Conjurer began the quest for the Orb.
     0 | D:1      | Reached XP level 1. HP: 10/10 MP: 4/4
   284 | D:1      | Reached XP level 2. HP: 15/15 MP: 4/6
   413 | D:1      | Reached skill level 6 in Conjurations
   766 | D:2      | Reached XP level 3. HP: 19/19 MP: 4/7
  1274 | D:1      | Learned a level 2 spell: Searing Ray
  1307 | D:2      | Reached XP level 4. HP: 23/24 MP: 0/8
  2024 | D:2      | Gained mutation: You can fly. [Tengu growth]
  2024 | D:2      | Reached XP level 5. HP: 28/28 MP: 6/10
  2220 | D:3      | Reached skill level 7 in Conjurations
  2590 | D:3      | Reached skill level 1 in Short Blades
  3395 | D:4      | Reached XP level 6. HP: 33/33 MP: 6/12
  3476 | D:4      | Found a staircase to the Ecumenical Temple.
  3512 | Temple   | Entered the Ecumenical Temple
  3668 | Temple   | Became a worshipper of Vehumet
  3694 | D:4      | Found Tediphu's Book Emporium.
  4327 | D:4      | Reached XP level 7. HP: 33/37 MP: 6/14
  4620 | D:4      | Reached * piety under Vehumet
  4620 | D:4      | Offered knowledge of Freeze by Vehumet.
  4869 | D:5      | Entered Level 5 of the Dungeon
  4948 | D:5      | Found a shattered altar of Ashenzari.
  4978 | D:5      | Reached skill level 8 in Conjurations
  5135 | D:5      | Reached skill level 1 in Fighting
  5403 | D:5      | Reached skill level 9 in Conjurations
  5571 | D:5      | Reached XP level 8. HP: 43/43 MP: 13/16
  5821 | D:6      | Reached skill level 5 in Spellcasting
  6161 | D:6      | Reached skill level 10 in Conjurations
  6170 | D:6      | Noticed Pikel
  6284 | D:6      | Killed Pikel
  6284 | D:6      | Reached skill level 11 in Conjurations
  6284 | D:6      | Reached XP level 9. HP: 47/47 MP: 10/19
  6444 | D:5      | Slain by an orc warrior

Skill      XL: |  1  2  3  4  5  6  7  8 |
---------------+-------------------------+-----
Conjurations   | 6 7 9 11 | 11.2
Spellcasting   | 3 4 6 |  6.6
Short Blades   | 1 |  1.2
Dodging        | 3 4 |  4.0
Stealth        | 3 |  3.3
Fighting       | 1 |  1.2

Action                   |  1- 3 |  4- 6 |  7- 9 || total
-------------------------+-------+-------+-------++-------
Melee: Short sword       |     3 |    12 |     3 ||    18
       Kick              |     1 |     5 |     1 ||     7
       Peck              |       |     1 |       ||     1
 Cast: Magic Dart        |    51 |   131 |    86 ||   268
       Searing Ray       |     1 |    11 |    25 ||    37
 Abil: Fly               |       |       |     1 ||     1
  Use: Potion            |       |       |     2 ||     2
  Eat: Chunk             |     1 |     9 |     7 ||    17
       Fruit             |       |     1 |       ||     1
Armor: Robe              |     1 |     7 |     9 ||    17
Dodge: Dodged            |     3 |    28 |    40 ||    71
